 Dungeon Crawl Stone Soup version 0.17-a0-1945-gfe993df (webtiles) character file.

790 graki42 the Magician (level 7, -7/36 HPs)
             Began as a Deep Elf Fire Elementalist on Sept 30, 2015.
             Killed from afar by Dowan (10 damage)
             ... with a puff of frost
             ... on level 6 of the Dungeon.
             The game lasted 00:19:38 (4149 turns).

graki42 the Magician (Deep Elf Fire Elementalist)   Turns: 4149, Time: 00:19:38

Health: -7/36      AC:  5    Str:  7    XL:     7   Next: 57%
Magic:  18/18      EV:  9    Int: 20    God:
Gold:   206        SH:  0    Dex: 15    Spells: 5 memorised, 2 levels left

rFire  + . .     SeeInvis .     k - +1 hand axe (holy)
rCold  x . .     Clarity  .     a - +0 robe
rNeg   + . .     SustAt   .     (no shield)
rPois  .         Gourm    .     t - +0 helmet
rElec  .         Spirit   .     (no cloak)
rCorr  .         Warding  .     l - +1 pair of gloves
rMut   .         Stasis   .     (no boots)
MR     .....                    j - amulet of regeneration
Stlth  +.........               y - ring of fire
                                v - ring of positive energy

@: confused, not resistant to hostile enchantments, very unstealthy
A: no striking features
a: no special abilities


You were on level 6 of the Dungeon.
You were hungry.

You visited 1 branch of the dungeon, and saw 6 of its levels.

You collected 206 gold pieces.

Inventory:

Hand weapons
 k - a +1 hand axe of holy wrath (weapon)
Armour
 a - a +0 robe (worn)
 l - a +1 pair of gloves (worn)
 t - a +0 helmet (worn)
Jewellery
 g - an uncursed amulet of guardian spirit
 j - an amulet of regeneration (around neck)
 v - a ring of positive energy (left hand)
 y - a ring of fire (right hand)
Magical devices
 r - a wand of polymorph (8)
Scrolls
 d - a scroll of recharging
 f - 4 scrolls of magic mapping
 h - 2 scrolls of random uselessness
 q - a scroll of teleportation
 u - 2 scrolls of remove curse
 w - a scroll of identify
 x - 2 scrolls of fear
Potions
 e - 3 potions of brilliance {unknown}
 i - 2 potions of haste
 m - a potion of ambrosia
 n - 2 potions of curing {unknown}
 p - a potion of lignification {unknown}
 A - a potion of might {unknown}
Books
 b - a book of Flames

   Spells                             Type                      Level
   a - Flame Tongue                   Conjuration/Fire             1
   b - Throw Flame                    Conjuration/Fire             2
   c - Conjure Flame                  Conjuration/Fire             3
   d - Inner Flame                    Hexes/Fire                   3
   e - Sticky Flame                   Conjuration/Fire             4
   f - Fireball                       Conjuration/Fire             5
Comestibles
 c - 3 bread rations
 o - 2 beef jerkies
 s - 3 meat rations
 B - a chunk of flesh


   Skills:
 + Level 4.1 Dodging
 + Level 3.4 Stealth
 + Level 0.1 Unarmed Combat
 + Level 6.4 Spellcasting
 + Level 4.6 Conjurations
 + Level 0.3 Hexes
 + Level 6.0 Fire Magic


You had 2 spell levels left.
You knew the following spells:

 Your Spells              Type           Power        Failure   Level  Hunger
a - Flame Tongue          Conj/Fire      #####        1%          1    None
b - Conjure Flame         Conj/Fire      #####...     4%          3    ##.....
c - Inner Flame           Hex/Fire       ####....     10%         3    ##.....
d - Sticky Flame          Conj/Fire      #####...     14%         4    ####...
e - Fireball              Conj/Fire      #####.....   38%         5    #####..


Dungeon Overview and Level Annotations

Branches:
Dungeon (6/15)
 Temple: D:4-7

Altars:
Kikubaaqudgha
Sif Muna
Trog
The Shining One

Portals:
Ossuary: D:6

Annotations:
D:3 Nico3ck's ghost, average HOFi
D:6 Dowan; Duvessa; Sigmund


Message History

You miss Dowan.
Dowan is lightly wounded.
You hit Duvessa but do no damage. Dowan hits you but does no damage.
Duvessa hits you with a short sword!
* * * LOW HITPOINT WARNING * * *
The orc grunts loudly, as Orcs often do.
Dowan hits you but does no damage.
You closely miss Duvessa. You hit Dowan but do no damage.
Dowan is lightly wounded.
Duvessa zaps a wand.
You are more confused.
Dowan closely misses you.
Duvessa zaps a wand.
You are more confused.
Dowan casts a spell at you. The puff of flame hits you! You resist.
* * * LOW HITPOINT WARNING * * *
There is a sand-covered staircase here.
Dowan casts a spell at you. The puff of frost hits you!
You feel a terrible chill!
You die...

,,** ,,,* ##### ,,,* ##...## **,*
##.....## ,,,* *.......#
********* **** **.....#*
*,,,,,,,, ##...#* #....#***
#....# #....# *# #.@..#
###....###. #..e.# #..........
###eo## *.......... ****##...#
##.......#.
************,$.#..#.###..........
,,,,,,,,,,,,....................#
***********......##.............#
#.....#*#..#.####......
##....**#....####...#..


You could see Duvessa, Dowan and an orc.

Vanquished Creatures
  Eustachio (D:4)
  An ogre (D:5)
  Blork the orc (D:4)
  A giant frog (D:3)
  A scorpion (D:4)
  A hound (D:4)
  2 orc priests (D:5)
  An iguana (D:5)
  Natasha (thrice) (D:2)
  2 worker ants
  4 gnolls (D:5)
  3 adders
  An adder skeleton (D:4)
  7 worms
  2 giant geckos
  13 orcs
  3 ball pythons
  2 giant cockroaches
  7 hobgoblins
  7 jackals
  A quokka (D:3)
  9 bats
  2 giant newts (D:2)
  6 goblins
  A jackal zombie (D:5)
  8 kobolds
  8 rats
98 creatures vanquished.

Notes
Turn   | Place    | Note
--------------------------------------------------------------
     0 | D:1      | graki42 the Deep Elf Fire Elementalist began the quest for the Orb.
     0 | D:1      | Reached XP level 1. HP: 10/10 MP: 6/6
   257 | D:1      | Reached XP level 2. HP: 6/15 MP: 1/8
   624 | D:1      | You fall through a shaft!
   628 | D:2      | Noticed Natasha
   791 | D:2      | Killed Natasha
   791 | D:2      | Reached skill level 4 in Fire Magic
   791 | D:2      | Reached XP level 3. HP: 7/19 MP: 2/10
  1042 | D:2      | Noticed Natasha
  1051 | D:2      | Killed Natasha
  1177 | D:1      | Found a glowing golden altar of the Shining One.
  1291 | D:2      | Reached XP level 4. HP: 24/24 MP: 8/11
  1522 | D:2      | Found a bloodstained altar of Trog.
  1599 | D:2      | Noticed Natasha
  1605 | D:2      | Killed Natasha
  1617 | D:2      | Noticed Jessica
  1618 | D:2      | Noticed Jessica
  1618 | D:2      | Jessica changed into Jessica the hobgoblin
  1622 | D:2      | Killed Jessica the hobgoblin
  1637 | D:2      | Found an ancient bone altar of Kikubaaqudgha.
  1748 | D:2      | Found a deep blue altar of Sif Muna.
  1855 | D:3      | Noticed a giant frog
  1860 | D:3      | Killed a giant frog
  1860 | D:3      | Reached XP level 5. HP: 17/28 MP: 5/13
  1877 | D:3      | Learned a level 3 spell: Conjure Flame
  1881 | D:3      | Learned a level 3 spell: Inner Flame
  1886 | D:3      | Learned a level 4 spell: Sticky Flame
  1907 | D:3      | Found a glowing golden altar of the Shining One.
  1968 | D:3      | Noticed Nico3ck's ghost (average HOFi)
  2678 | D:4      | Noticed Eustachio
  2698 | D:4      | Killed Eustachio
  2698 | D:4      | Reached skill level 5 in Spellcasting
  2698 | D:4      | Reached XP level 6. HP: 32/32 MP: 0/15
  2779 | D:4      | Reached skill level 5 in Fire Magic
  3169 | D:4      | Noticed Blork the orc
  3171 | D:4      | Killed Blork the orc
  3255 | D:4      | Reached XP level 7. HP: 36/36 MP: 10/17
  3262 | D:4      | Learned a level 5 spell: Fireball
  3271 | D:5      | Entered Level 5 of the Dungeon
  3311 | D:5      | Reached skill level 6 in Spellcasting
  4095 | D:6      | Noticed Sigmund
  4100 | D:6      | Noticed Dowan
  4101 | D:6      | Noticed Duvessa
  4130 | D:6      | Found a sand-covered staircase.
  4149 | D:6      | Killed from afar by Dowan

Vault maps used:
D:1:      dpeg_arrival_lava_temple_mockup, tso_metal_star
D:2:      bloody_trog, old_standard_altar, lemuel_blue_sif_altar, uniq_natasha,
          uniq_jessica
D:3:      lemuel_round_altar
D:4:      uniq_blork_the_orc, uniq_eustachio
D:5:      nicolae_overflow_hidden_temple, first_bread
D:6:      lemuel_coloured_pillars_altar, enter_ossuary_3, portal_sewer_entry_b,
          uniq_duvessa, uniq_edmund, uniq_sigmund

Action                   |  1- 3 |  4- 6 |  7- 9 || total
-------------------------+-------+-------+-------++-------
Melee: Unarmed           |    20 |       |       ||    20
       Hand axe          |     2 |       |     4 ||     6
 Cast: Flame Tongue      |    48 |   114 |    47 ||   209
       Conjure Flame     |       |     3 |     1 ||     4
       Inner Flame       |       |     2 |     1 ||     3
       Sticky Flame      |       |       |     4 ||     4
Evoke: Wand              |       |     1 |       ||     1
  Use: Scroll            |       |       |     9 ||     9
  Eat: Chunk             |     1 |     6 |     3 ||    10
